AoeStats
← JPSL

Arabia

508915467Analyzed
1v1 RM · 9d ago on Sep 24, 2026· 50m 27s· 2 players
Game mode
Random Map
Map size
Tiny (2 player)
Population
200
Speed
Normal
Resources
Standard
Victory
Conquest
Starting age
Dark Age
Ending age
Imperial Age
RankedLock teamsTeams togetherTeam positionsShared explorationLock speedFull tech treeHidden civsTurbo modeCheats
Victory
Defeat
🇪🇸 Huns · Spain
1316
+17
🇦🇷 Byzantines · Argentina
1347
-17
Xallechaman
10:29 Feudal Age
11:03 Double-Bit Axe
11:00 Horse Collar
12:04 Loom
15:15 Bloodlines
15:48 Forging
21:05 Castle Age
19:31 Fletching
20:11 Padded Archer Armor
20:08 Gold Mining
22:03 Thumb Ring
23:35 Husbandry
25:34 Bodkin Arrow
26:04 Light Cavalry
29:07 Ballistics
29:16 Leather Archer Armor
29:02 Scale Mail Armor
31:26 Chain Mail Armor
30:33 Pikeman
31:13 Squires
31:25 Town Watch
32:35 Squires
33:42 Iron Casting
38:55 Imperial Age
39:56 Wheelbarrow
40:04 Parthian Tactics
41:01 Conscription
40:04 Halberdier
41:12 Bracer
42:39 Blast Furnace
41:51 Masonry
42:39 Gold Shaft Mining
42:16 Heavy Plow
42:33 Town Patrol
43:19 Hand Cart
43:54 Bow Saw
44:57 Scale Barding Armor
46:58 Chemistry
46:27 Chain Barding Armor
47:58 Plate Barding Armor
48:03 Elite Tarkan
50:03 Marauders
JPSL
7:26 Loom
9:48 Feudal Age
10:21 Double-Bit Axe
10:22 Horse Collar
21:16 Castle Age
19:27 Gold Mining
20:06 Scale Barding Armor
21:49 Fletching
22:00 Padded Archer Armor
22:41 Elite Skirmisher
23:43 Husbandry
23:46 Bodkin Arrow
24:25 Bow Saw
27:01 Leather Archer Armor
27:47 Chain Barding Armor
32:09 Forging
34:47 Ballistics
35:26 Wheelbarrow
37:46 Stone Mining
42:41 Imperial Age
40:29 Hand Cart
44:29 Plate Barding Armor
44:08 Heavy Camel Rider
45:01 Thumb Ring
45:15 Bracer
46:58 Conscription
47:22 Ring Archer Armor
48:08 Murder Holes
51:30 Iron Casting
Connection lost

Rejoining the realm…

Still unreachable

The connection could not be restored.

Session expired

The server has moved on; the page needs a fresh start.